 Dungeon Crawl Stone Soup version 0.26-a0-667-g92642533e4 (webtiles) character file.

Game seed: 9547684800858398855

2288 Chiseanne the Destroyer (level 9, 0/57 HPs)
             Began as a Demonspawn Hedge Wizard on Oct 18, 2020.
             Was an Initiate of Gozag.
             Slain by Harold
             ... wielding a +2 vorpal hand axe
              (1 damage)
             ... on level 7 of the Dungeon.
             The game lasted 00:29:56 (8892 turns).

Chiseanne the Destroyer (Demonspawn Hedge Wizard)   Turns: 8892, Time: 00:29:56

Health: 0/57       AC: 11    Str: 11    XL:     9   Next: 17%
Magic:  0/21       EV: 11    Int: 25    God:    Gozag
Gold:   109        SH:  0    Dex:  9    Spells: 19/25 levels left

rFire    . . .     SeeInvis .   a - +2 dagger (vamp)
rCold    . . .     Faith    .   (no shield)
rNeg     + . .     Spirit   +   F - +3 leather armour of the Valley of Death {Rampage rCorr Int+6 Dex-3}
rPois    .         Reflect  .   c - +1 hat
rElec    .         Harm     .   (no cloak)
rCorr    +         Rampage  +   (gloves unavailable)
MR       .....                  k - +1 pair of boots
Stlth    +.........             j - amulet of magic regeneration
HPRegen  0.19/turn              v - ring of positive energy
MPRegen  0.42/turn              (no ring)

@: marked, invisible
A: claws 3, thin metallic scales 1, magic shield
a: Potion Petition, Call Merchant, Bribe Branch, Renounce Religion


You were on level 7 of the Dungeon.
You worshipped Gozag.
Gozag was aware of your devotion.
You visited 1 branch of the dungeon, and saw 8 of its levels.

You collected 982 gold pieces.
You spent 224 gold pieces at shops.
You paid 649 gold pieces to Gozag.

Inventory:

Hand Weapons
 a - a +2 vampiric dagger (weapon)
 d - a +0 short sword of flaming
 x - a +4 vorpal flail
Missiles
 f - 15 poisoned darts (quivered)
 g - 7 javelins
 i - 118 bolts
 l - 7 boomerangs
 n - 2 throwing nets
 r - 28 arrows
 u - 71 sling bullets
Armour
 c - a +1 hat (worn)
 k - a +1 pair of boots (worn)
 F - the +3 leather armour of the Valley of Death (worn) {Rampage rCorr Int+6 Dex-3}
   (You bought it in a shop on level 8 of the Dungeon)

   It affects your intelligence (+6).
   It affects your dexterity (-3).
   It provides partial protection from all sources of acid and corrosion.
   It bestows one free step when moving towards enemies.
Jewellery
 j - an amulet of magic regeneration (around neck)
 v - a ring of positive energy (left claw)
Wands
 E - a wand of disintegration (13)
Scrolls
 b - 2 scrolls of remove curse
 h - a scroll of fear
 m - 2 scrolls of teleportation
 p - a scroll of enchant weapon
 s - a scroll of amnesia
Potions
 e - 3 potions of ambrosia
 o - a potion of cancellation
 q - a potion of lignification
 t - 4 potions of curing
 w - a potion of flight
 z - a potion of mutation
 B - a potion of haste


   Skills:
 - Level 1.7 Dodging
 - Level 1.7 Stealth
 * Level 8.5 Spellcasting
 * Level 8.7 Conjurations
   Level 1.0 Summonings
 - Level 0.8 Translocations


You had 19 spell levels left.
You knew the following spells:

 Your Spells              Type           Power        Failure   Level
a - Magic Dart            Conj           ####         1%          1
b - Blink                 Tloc           N/A          8%          2
d - Mephitic Cloud        Conj/Pois/Air  ####....     7%          3

Your spell library contained the following spells:

 Spells                   Type           Power        Failure   Level
 Conjure Flame            Conj/Fire      ####....     3%          3
 Animate Skeleton         Necr           ##....       8%          1
 Pain                     Necr           ##..         8%          1
 Call Imp                 Summ           ###.....     8%          2
 Slow                     Hex            ##......     12%         2
 Vampiric Draining        Necr           ##........   22%         3
 Animate Dead             Necr           ##........   58%         4
 Agony                    Necr           ##......     91%         5


Dungeon Overview and Level Annotations

Branches:
Dungeon (8/15)             Temple (0/1) D:5
   Lair: D:8-11

Altars:
Gozag
Hepliaklqana
Kikubaaqudgha
Nemelex Xobeh
Uskayaw
Xom

Shops:
D:3 *   D:8 [

Annotations:
D:3 1 runed translucent door, Turbonekonecno's ghost, amateur OpVM
D:7 Harold


Innate Abilities, Weirdness & Mutations

You have claws for hands.
You are partially covered in thin metallic scales. (AC +2)
When hurt, damage is shared between your health and your magic reserves.


Message History

You see here 6 gold pieces.
You now have 109 gold pieces (gained 6).
Harold closely misses you.
Something completely misses Harold.
The gnoll is engulfed in noxious fumes.
The gnoll appears confused.
The gnoll hits something with a +0 bardiche.
Harold fires a harpoon shot at you. The harpoon shot hits you!
* * * LOW HITPOINT WARNING * * *
You are yanked forward by the harpoon shot.
Casting: Mephitic Cloud (dangerous; 7% risk of failure)
Confirm with . or Enter, or press ? or * to list all spells.
You don't have enough magic to cast that spell.
Unknown command.
Unknown command.
You fade into invisibility!
The gnoll is engulfed in noxious fumes.
The gnoll appears confused.
Harold hits you with a +2 vorpal hand axe.
* * * LOW HITPOINT WARNING * * *
You die...
Your body crumbles into a pile of gold.

#...##.# ###.#.##
###. #...##.#
#.#.### ######.
#..###@# #.$#
........ #.#....#
##(# .#######
#(.(#..# #.g# #
#..###..# ##○# #
..## #..## #(g# ..
#...########@######
..
#..........@(.......
##
#..(....############
#.......# #########


You could see Harold, a gnoll sergeant (confused) and a gnoll (confused).

Vanquished Creatures
  Edmund (D:4)
  An orc warrior (D:6)
  A black bear (D:5)
  3 sky beasts
  An ice beast (D:7)
  An ogre (D:6)
  A bullfrog (D:6)
  2 scorpions (D:6)
  5 killer bees (D:7)
  2 howler monkeys (D:7)
  A bullfrog zombie (D:5)
  A jelly (D:6)
  4 orc priests
  2 hounds (D:6)
  8 orc wizards
  A bullfrog skeleton (D:4)
  Jessica (D:2)
  2 iguanas
  Natasha (twice) (D:3)
  5 worker ants
  A hound skeleton (D:4)
  2 howler monkey zombies
  A worker ant zombie (D:6)
  A howler monkey skeleton (D:4)
  6 gnolls
  7 adders
  A white imp (D:3)
  2 ufetubi
  2 adder skeletons
  2 worms
  4 leopard geckos
  24 orcs
  11 bats
  8 giant cockroaches
  7 goblins
  10 hobgoblins
  16 jackals
  2 quokkas
  5 frilled lizards
  12 kobolds
  A leopard gecko skeleton (D:2)
  A quokka skeleton (D:5)
  11 rats
182 creatures vanquished.

Vanquished Creatures (collateral kills)
  An orc (D:7)
1 creature vanquished.

Vanquished Creatures (others)
  2 withered plants (D:3)
2 creatures vanquished.

Grand Total: 185 creatures vanquished

Notes
Turn   | Place    | Note
-------+----------+-------------------------------------------
     0 | D:1      | Chiseanne the Demonspawn Hedge Wizard began the quest for
                  | the Orb.
     0 | D:1      | Reached XP level 1. HP: 13/13 MP: 4/4
   421 | D:1      | Gained mutation: You are partially covered in thin metallic
                  | scales. (AC +2) [demonic ancestry]
   421 | D:1      | Reached XP level 2. HP: 19/19 MP: 0/6
  1212 | D:1      | Gained mutation: You have sharp fingernails. [demonic
                  | ancestry]
  1212 | D:1      | Reached XP level 3. HP: 22/24 MP: 5/8
  1618 | D:1      | Learned a level 2 spell: Blink
  1622 | D:1      | Learned a level 3 spell: Mephitic Cloud
  2432 | D:2      | Noticed Jessica
  2611 | D:2      | Killed Jessica
  2611 | D:2      | Gained mutation: You have very sharp fingernails. [demonic
                  | ancestry]
  2611 | D:2      | Reached XP level 4. HP: 30/30 MP: 4/9
  3257 | D:2      | Found a shimmering altar of Xom.
  3893 | D:3      | Noticed Natasha
  3894 | D:3      | Noticed a sky beast
  3937 | D:3      | Killed Natasha
  3941 | D:3      | Gained mutation: When hurt, damage is shared between your
                  | health and your magic reserves. [demonic ancestry]
  3941 | D:3      | Reached XP level 5. HP: 35/35 MP: 3/11
  3953 | D:3      | Found a runed translucent door.
  3953 | D:3      | Noticed Turbonekonecno's ghost (amateur OpVM)
  3961 | D:3      | Noticed Natasha
  4846 | D:2      | Killed a sky beast
  4846 | D:2      | Reached skill level 5 in Spellcasting
  4846 | D:2      | Reached XP level 6. HP: 26/41 MP: 8/13
  5219 | D:3      | Found an opulent altar of Gozag.
  5232 | D:3      | Killed Natasha
  5246 | D:3      | Found Gozag's Platinum Reserve.
  5257 | D:3      | Became a worshipper of Gozag Ym Sagoz the Greedy
  5524 | D:4      | Noticed Edmund
  5585 | D:4      | Reached skill level 5 in Conjurations
  5650 | D:4      | Killed Edmund
  5650 | D:4      | Reached XP level 7. HP: 46/46 MP: 9/15
  5832 | D:4      | You fall into a shaft and drop 1 floor!
  5832 | D:5      | Entered Level 5 of the Dungeon
  6196 | D:5      | Found a staircase to the Ecumenical Temple.
  6991 | D:6      | Gained mutation: You have claws for hands. [demonic
                  | ancestry]
  6991 | D:6      | Reached XP level 8. HP: 52/52 MP: 11/18
  7358 | D:6      | Found a hazy altar of Hepliaklqana.
  7359 | D:6      | Found a sparkling altar of Nemelex Xobeh.
  7359 | D:6      | Found a hide-covered altar of Uskayaw.
  7448 | D:6      | Found an ancient bone altar of Kikubaaqudgha.
  8414 | D:8      | Bought a heavily runed leather armour for 224 gold pieces
  8416 | D:8      | Identified the +3 leather armour of the Valley of Death
                  | {Rampage rCorr Int+6 Dex-3} (You bought it in a shop on
                  | level 8 of the Dungeon)
  8514 | D:7      | Reached XP level 9. HP: 53/57 MP: 14/21
  8678 | D:7      | Noticed Harold
  8892 | D:7      | HP: 1/57 [Harold/+2 vorpal hand axe (2)]
  8892 | D:7      | Slain by Harold

Illustrated notes

Levels and vault maps discovered:
D:1:      onia_arrival_mini_maze, layout_basic, serial_co_window_serial,
          co_window_paths_a, co_window_corner_a, co_window_paths_a,
          co_window_paths_a, co_window_corner_a, co_window_2corner,
          co_window_broadway_c, co_window_broadway_c,
          co_window_of_opportunity_c, co_window_2corner, glass_columns_a,
          glass_columns_c, glass_columns_b, minmay_tetromino_o2
D:2:      layout_loops_ring, tgw_xom, chequers_serial_rivers_micro_d,
          minmay_rat_gold_closets, uniq_jessica
D:3:      layout_basic, nicolae_gozag_zags_fifth_avenue, gammafunk_ghost_grave,
          mrwooster_statue_mirror, uniq_natasha
D:4:      layout_cave_pools, chequers_serial_rivers_room_b,
          kennysheep_generic_room_11, uniq_edmund
D:5:      layout_loops_ring, minmay_temple_entry_purple_smoke
D:6:      layout_loops_ring, grunt_temple_overflow_open,
          overflow_temple_1_default
D:7:      layout_rooms, minmay_small_thing, uniq_harold
D:8:      layout_loops_ring, amethyst_overflow_temple_binary

Skill      XL: |  1  2  3  4  5  6  7  8 |
---------------+-------------------------+-----
Conjurations   | 2 3 4 5 6 8 |  8.7
Spellcasting   | 4 5 6 8 |  8.5
Dodging        | |  1.7
Stealth        | |  1.7
Summonings     | |  1.0
Translocations | |  0.8

Action                   |  1- 3 |  4- 6 |  7- 9 || total
-------------------------+-------+-------+-------++-------
Melee: Dagger            |    82 |    40 |    70 ||   192
Throw: Dart              |       |    23 |    23 ||    46
       Stone             |       |     1 |       ||     1
 Cast: Magic Dart        |    95 |   197 |   299 ||   591
       Mephitic Cloud    |       |     4 |    26 ||    30
       Blink             |       |     1 |    14 ||    15
Invok: Call Merchant     |       |       |     1 ||     1
Evoke: Wand              |       |       |     8 ||     8
  Use: Scroll            |     5 |     5 |    11 ||    21
       Potion            |       |     7 |     1 ||     8
 Stab: Petrifying        |       |     1 |       ||     1
       Confused          |       |     2 |     6 ||     8
       Sleeping          |       |       |     1 ||     1
Armor: Robe              |    40 |    31 |    76 ||   147
       Skin              |       |    26 |       ||    26
       Leather armour    |       |       |     8 ||     8
Dodge: Dodged            |    79 |    61 |   136 ||   276

Table legend: (Time is in decaauts)
 A = Elapsed time spent in this place.
 B = Non-inter-level travel time spent in this place.
 C = Inter-level travel time spent in this place.
 D = Time resting spent in this place.
 E = Time spent auto-exploring this place.
 F = Levels seen in this place.
 G = Mean time per level.
                   A        B        C        D        E       F      G
               +--------+--------+--------+--------+--------+-----+--------+
         Total |   8909 |   8803 |    106 |   3424 |   2289 |   8 | 1113.6 |
       Dungeon |   8909 |   8803 |    106 |   3424 |   2289 |   8 | 1113.6 |
               +--------+--------+--------+--------+--------+-----+--------+

Top non-repeatable levels by time:
     D:1: 2598 daAuts
     D:2: 1683 daAuts
     D:3: 1238 daAuts
     D:6: 799 daAuts
     D:5: 719 daAuts
     D:7: 700 daAuts
     D:4: 659 daAuts
     D:8: 509 daAuts
